 Dungeon Crawl Stone Soup version 0.30.1-4-g462c640d31 (webtiles) character file.

Game seed: 12890537567954847586

119 Almogavar the Martial Artist (level 5, -4/37 HPs)
             Began as a Gnoll Wanderer on Sept 16, 2023.
             Slain by Natasha (6 damage)
             ... on level 4 of the Dungeon.
             The game lasted 00:08:03 (2290 turns).

Almogavar the Martial Artist (Gnoll Wanderer)       Turns: 2290, Time: 00:08:04

Health: -4/37      AC:  9    Str: 14    XL:     5   Next: 3%
Magic:  7/7        EV:  9    Int:  8    God:
Gold:   144        SH:  0    Dex: 20    Spells: 6/6 levels left

rFire   . . .        a - +0 quarterstaff
rCold   . . .        (shield currently unavailable)
rNeg    . . .        h - +0 scale mail
rPois   .            d - +0 helmet
rElec   .            (no cloak)
rCorr   .            p - +1 pair of gloves
SInv    .            (no boots)
Will    .....        (no amulet)
Stlth   ++           r - +6 ring of dexterity
HPRegen 0.26/turn    (no ring)
MPRegen 0.10/turn

%: no passive effects
@: mighty, slowed, very slow
A: fangs 1, strong nose, distributed training
a: no special abilities


You were on level 4 of the Dungeon.
You visited 1 branch of the dungeon, and saw 4 of its levels.

You collected 144 gold pieces.

Inventory:

Hand Weapons
 a - a +0 quarterstaff (weapon)
 s - a +2 heavy spear
Missiles
 y - 4 poisoned darts (quivered)
Armour
 d - a +0 helmet (worn)
 h - a +0 scale mail (worn)
 p - a +1 pair of gloves (worn)
 q - a +0 chain mail
Jewellery
 r - a +6 ring of dexterity (left hand)
Scrolls
 b - a scroll of blinking
 c - a scroll of fear
 f - a scroll of amnesia
 i - 3 scrolls of magic mapping
 j - a scroll of noise {unknown}
 m - 2 scrolls of enchant armour {unknown}
 n - a scroll of teleportation {unknown}
 t - a scroll of fog {unknown}
 u - a scroll of brand weapon {unknown}
 v - a scroll of immolation {unknown}
 w - a scroll of summoning {unknown}
Potions
 g - 5 potions of curing
 k - 3 potions of mutation {unknown}
 l - 2 potions of heal wounds {unknown}
 o - a potion of brilliance {unknown}
 x - a potion of attraction {unknown}


   Skills:
 + Level 1.4 Fighting
 + Level 1.4 Short Blades
 + Level 1.4 Long Blades
 + Level 1.4 Axes
 + Level 1.4 Maces & Flails
 + Level 1.4 Polearms
 + Level 2.9 Staves
 + Level 1.4 Ranged Weapons
 + Level 1.4 Throwing
 + Level 1.4 Armour
 + Level 1.4 Dodging
 + Level 6.1 Stealth
 + Level 1.4 Shields
 + Level 10.5 Unarmed Combat
 + Level 1.4 Spellcasting
 + Level 1.1 Conjurations
 + Level 1.1 Hexes
 + Level 1.1 Summonings
 + Level 1.1 Necromancy
 + Level 1.1 Translocations
 + Level 1.1 Transmutations
 + Level 1.1 Fire Magic
 + Level 1.1 Ice Magic
 + Level 1.1 Air Magic
 + Level 1.1 Earth Magic
 + Level 1.1 Poison Magic
 + Level 1.5 Invocations
 + Level 2.9 Evocations


You had 6 spell levels left.
You didn't know any spells.
Your spell library contained the following spells:

 Spells                   Type           Power      Damage    Failure   Level
 Apportation              Tloc           4%         N/A       71%         1
 Necrotise                Necr           8%         1d4       71%         1
 Summon Small Mammal      Summ           8%         N/A       71%         1
 Dazzling Flash           Conj/Hex       4%         N/A       97%         3
 Volatile Blastmotes      Fire/Tloc      4%         2d10      97%         3
 Iskenderun's Mystic Bla  Conj/Tloc      2%         2d3       100%        4
 Starburst                Conj/Fire      1%         6d3       100%        6


Dungeon Overview and Level Annotations

Branches:
Dungeon (4/15)
 Temple: D:4-7

Altars:
Yredelemnul

Shops:
D:1 *[(

Annotations:
D:3 1 transporter, kalagan's ghost, amateur DECj
D:4 Natasha


Innate Abilities, Weirdness & Mutations

You have very sharp teeth.
Your uncanny sense of smell can sniff out nearby items.
Your experience applies equally to all skills.


Message History

The cerulean imp is severely wounded.
Natasha claws you but does no damage.
The cerulean imp hits you but does no damage.
The cerulean imp barely misses you. The black bear bites you.
* * * LOW HITPOINT WARNING * * *
The black bear barely misses you.
The black bear claws you but does no damage.
The cerulean imp hits you with a +0 spear.
* * * LOW HITPOINT WARNING * * *
The cerulean imp hits you but does no damage.
Natasha barely misses you.
The cerulean imp hits you from afar with a +0 spear.
* * * LOW HITPOINT WARNING * * *
Okay, then.
Okay, then.
Blink to where?
Press: ? - help, Dir - move target
As you read the scroll of blinking, it crumbles to dust.
The cerulean imp hits you but does no damage.
The cerulean imp hits you with a +0 spear.
* * * LOW HITPOINT WARNING * * *
The cerulean imp hits you but does no damage.
The cerulean imp closely misses you.
The cerulean imp attacks as you move away!
The cerulean imp hits you but does no damage.
Natasha wildly gestures.
You feel disoriented.
The cerulean imp hits you but does no damage.
The cerulean imp barely misses you. The cerulean imp misses you.
The cerulean imp disappears in a puff of smoke!
The cerulean imp hits you but does no damage.
The cerulean imp hits you from afar with a +0 spear.
* * * LOW HITPOINT WARNING * * *
Natasha attacks as you move away! Natasha misses you.
The cerulean imp hits you but does no damage.
Natasha casts a spell at you.
You feel as though you will be slow longer.
Natasha claws you.
You die...

.. ##.# .# .[. ..# ..###
####.## ##...<# #......
....... #####.# #.#
##....# #####.....# #.#
#..#
#.......<####h###§§#####
#...†....@h55............
#........#####....####...
#.......(# ##..## #
########## ....# ...#.#
...##.# ..## .# ..# ..
... .


You could see a black bear, Natasha and 2 cerulean imps.

Vanquished Creatures
  4 gnolls
  2 adders (D:2)
  3 dart slugs (D:2)
  An orc (D:3)
  4 ball pythons
  4 bats
  5 endoplasms
  A giant cockroach (D:1)
  6 goblins
  7 hobgoblins
  3 kobolds
  3 quokkas
  3 frilled lizards
  6 rats
52 creatures vanquished.

Notes
Turn   | Place    | Note
-------+----------+-------------------------------------------
     0 | D:1      | Reached skill level 10 in Unarmed Combat
     0 | D:1      | Almogavar the Gnoll Wanderer began the quest for the Orb.
     0 | D:1      | Almogavar set off with the following items: a +0
                  | quarterstaff, 2 scrolls of blinking, a scroll of fear, a +0
                  | helmet, a +0 leather armour.
     0 | D:1      | Reached XP level 1. HP: 13/13 MP: 1/1
    48 | D:1      | Reached XP level 2. HP: 19/19 MP: 2/2
   234 | D:1      | Found Qeipi's Assorted Antiques.
   462 | D:1      | Found Leabigg's Weapon Shop.
   504 | D:1      | Found Bifenoet's Armour Emporium.
   617 | D:2      | Reached XP level 3. HP: 25/25 MP: 3/3
   737 | D:2      | Found a basalt altar of Yredelemnul.
   817 | D:2      | Reached skill level 1 in Invocations
   831 | D:2      | Reached skill level 1 in Fighting
   831 | D:2      | Reached skill level 1 in Short Blades
   831 | D:2      | Reached skill level 1 in Long Blades
   831 | D:2      | Reached skill level 1 in Axes
   831 | D:2      | Reached skill level 1 in Maces & Flails
   831 | D:2      | Reached skill level 1 in Polearms
   831 | D:2      | Reached skill level 1 in Ranged Weapons
   831 | D:2      | Reached skill level 1 in Throwing
   831 | D:2      | Reached skill level 1 in Armour
   831 | D:2      | Reached skill level 1 in Dodging
   831 | D:2      | Reached skill level 1 in Shields
   831 | D:2      | Reached skill level 1 in Spellcasting
   912 | D:2      | Reached XP level 4. HP: 32/32 MP: 5/5
  1100 | D:2      | Reached skill level 1 in Conjurations
  1100 | D:2      | Reached skill level 1 in Hexes
  1100 | D:2      | Reached skill level 1 in Summonings
  1100 | D:2      | Reached skill level 1 in Necromancy
  1100 | D:2      | Reached skill level 1 in Translocations
  1100 | D:2      | Reached skill level 1 in Transmutations
  1100 | D:2      | Reached skill level 1 in Fire Magic
  1100 | D:2      | Reached skill level 1 in Ice Magic
  1100 | D:2      | Reached skill level 1 in Air Magic
  1100 | D:2      | Reached skill level 1 in Earth Magic
  1100 | D:2      | Reached skill level 1 in Poison Magic
  1428 | D:3      | Found a transporter.
  1429 | D:3      | Noticed kalagan's ghost (amateur DECj)
  1987 | D:3      | Reached XP level 5. HP: 37/37 MP: 7/7
  2200 | D:3      | Identified the +5 dire flail of Chance {flame, rPois rF-
                  | rN++ SInv}
  2200 | D:3      | Noticed an ogre
  2200 | D:3      | Noticed an ogre
  2267 | D:4      | Noticed Natasha
  2273 | D:4      | Noticed a black bear
  2287 | D:4      | HP: 1/37 [cerulean imp/+0 spear[Natasha] (2)]
  2290 | D:4      | Slain by Natasha

Illustrated notes

Levels and vault maps discovered:
D:1:      dpeg_arrival_rooms_a, layout_rooms, serial_forest,
          infiniplex_forest_clump_double, infiniplex_forest_join,
          infiniplex_forest_lined_3, infiniplex_forest_straight_2, serial_shops,
          nicolae_shop_real_fake_doors, nicolae_shop_advertising_works
          [nicolae_subvault_shop_adworks], shop
D:2:      layout_rooms, basic_altar, corexii_hall_statues_s,
          minmay_close_crescents
D:3:      layout_loops_corners, gammafunk_ghost_smash
D:4:      layout_rooms, mainiacjoe_overflow_concentric_impassable,
          minmay_temple_entry_proselytizer, serial_bayou_ford_a, uniq_natasha

Skill      XL: |  1  2  3  4 |
---------------+-------------+-----
Unarmed Combat | | 10.5
Stealth        | 6 |  6.1
Invocations    | 1 |  1.5
Fighting       | 1 |  1.4
Short Blades   | 1 |  1.4
Long Blades    | 1 |  1.4
Axes           | 1 |  1.4
Maces & Flails | 1 |  1.4
Polearms       | 1 |  1.4
Ranged Weapons | 1 |  1.4
Throwing       | 1 |  1.4
Armour         | 1 |  1.4
Dodging        | 1 |  1.4
Shields        | 1 |  1.4
Spellcasting   | 1 |  1.4
Conjurations   | 1 |  1.1
Hexes          | 1 |  1.1
Summonings     | 1 |  1.1
Necromancy     | 1 |  1.1
Translocations | 1 |  1.1
Transmutations | 1 |  1.1
Fire Magic     | 1 |  1.1
Ice Magic      | 1 |  1.1
Air Magic      | 1 |  1.1
Earth Magic    | 1 |  1.1
Poison Magic   | 1 |  1.1
Staves         | |  2.9
Evocations     | |  2.9

Action                     |  1- 3 |  4- 6 || total
---------------------------+-------+-------++-------
  Melee: Quarterstaff      |    76 |    76 ||   152
         Bite              |     6 |    10 ||    16
    Use: Scroll            |     2 |     3 ||     5
         Potion            |       |     1 ||     1
   Stab: Sleeping          |     6 |    12 ||    18
 Armour: Leather armour    |     3 |       ||     3
         Scale mail        |    36 |    65 ||   101
  Dodge: Dodged            |    36 |    49 ||    85
